 Dungeon Crawl Stone Soup version 0.31-b1-18-g61460d1e46 (webtiles) character file.

Game seed: 3384361372923902285

23 NamelessAdventurer the Grave Robber (level 3, 0/27 HPs)
             Began as a Hill Orc Necromancer on Jan 17, 2024.
             Was a Believer of Jiyva.
             Slain by a gnoll
             ... wielding a +0 flail
              (7 damage)
             ... on level 1 of the Dungeon.
             The game lasted 00:03:31 (991 turns).

NamelessAdventurer the Grave Robber (HONe)           Turns: 991, Time: 00:03:31

Health: 0/27       AC:  2    Str: 12    XL:     3   Next: 0%
Magic:  3/5        EV: 12    Int: 15    God:    Jiyva [**....]
Gold:   61         SH:  0    Dex: 11    Spells: 4/5 levels left

rFire   . . .        f - +1 dagger (venom)
rCold   . . .        (no shield)
rNeg    . . .        a - +0 robe
rPois   .            (no helmet)
rElec   .            (no cloak)
rCorr   +            (no gloves)
SInv    .            (no boots)
Will    .....        (no amulet)
Stlth   ++           (no ring)
HPRegen 1.20/turn    (no ring)
MPRegen 0.57/turn

%: no passive effects
@: no status effects
A: no striking features
a: Renounce Religion


You were on level 1 of the Dungeon.
You worshipped Jiyva.
Jiyva was pleased with you.
You visited 1 branch of the dungeon, and saw 2 of its levels.

You collected 61 gold pieces.

Inventory:

Hand Weapons
 f - a +1 dagger of venom (weapon)
Missiles
 e - 6 atropa-tipped darts
Armour
 a - a +0 robe (worn)
Talismans
 c - a serpent talisman
Scrolls
 g - a scroll of identify
Potions
 b - a potion of magic
 d - a potion of might


   Skills:
 * Level 0.4 Fighting
 * Level 0.2 Short Blades
 * Level 0.1 Throwing
 * Level 0.5 Armour
 * Level 1.6 Dodging
 * Level 1.8 Stealth
 * Level 1.7 Spellcasting
 * Level 4.3 Necromancy


You had 4 spell levels left.
You knew the following spells:

 Your Spells              Type           Power      Damage    Failure   Level
a - Necrotise             Necr           56%        1d6       3%          1

Your spell library contained the following spells:

 Spells                   Type           Power      Damage    Failure   Level
 Vampiric Draining        Necr           14%        2d7       12%         3
 Slow                     Hex            4%         N/A       22%         1
 Animate Dead             Necr           14%        N/A       36%         4
 Confusing Touch          Hex            1%         N/A       56%         3
 Sigil of Binding         Hex            1%         N/A       56%         3
 Curse of Agony           Necr           14%        N/A       71%         5


Dungeon Overview and Level Annotations

Branches:
Dungeon (2/15)

Altars:
Jiyva


Message History

There is a stone staircase leading up here.
The gnoll hits you with a +0 flail!
You climb upwards.
There is a stone staircase leading down here.
The gnoll attacks as it pursues you! The gnoll hits you with a +0 flail!
* * * LOW HITPOINT WARNING * * *
Okay, then.
The gnoll attacks as it pursues you! The gnoll hits you with a +0 flail!
* * * LOW HITPOINT WARNING * * *
Okay, then.
The jelly closely misses the gnoll.
The gnoll attacks as it pursues you! The gnoll barely misses you.
Casting: Necrotise (safe; 3% risk of failure)
Confirm with . or Enter, or press ? or * to list all spells.
Aiming: Necrotise (safe; 3% risk of failure)
Press: ? - help, Shift-Dir - straight line, f - gnoll
Aim: a gnoll, wielding a +0 flail (chance to affect: 78%)
Okay, then.
Okay, then.
Casting: Necrotise (safe; 3% risk of failure)
Confirm with . or Enter, or press ? or * to list all spells.
Aiming: Necrotise (safe; 3% risk of failure)
Press: ? - help, Shift-Dir - straight line, f - gnoll
Aim: a gnoll, wielding a +0 flail (chance to affect: 78%)
The gnoll writhes in agony.
Unknown command.
Casting: Necrotise (safe; 3% risk of failure)
Confirm with . or Enter, or press ? or * to list all spells.
Aiming: Necrotise (safe; 3% risk of failure)
Press: ? - help, Shift-Dir - straight line, f/p - gnoll
Aim: a gnoll, wielding a +0 flail (lightly wounded, chance to affect: 78%)
The gnoll writhes in agony.
The gnoll barely misses you.
Unknown command.
Casting: Necrotise (safe; 3% risk of failure)
Confirm with . or Enter, or press ? or * to list all spells.
Aiming: Necrotise (safe; 3% risk of failure)
Press: ? - help, Shift-Dir - straight line, f/p - gnoll
Aim: a gnoll, wielding a +0 flail (moderately wounded, chance to affect: 78%)
The gnoll barely resists.
The gnoll hits you with a +0 flail!
You die...

#.# #...+..........# #.........
#.# #.###..........# #.........
#.# #.# #####.#..### ######.###
#.###.# #.......####### #.#
##..##.# #.............#####.###
#....#.####.............##......#
###.##.##........J.J....##......#
#.##.##......#........##......#
##.##.##......#@g......##......#
#.....##......#.........'......#
#..#####......#......>.##......#
#............############......#
#....#######.# #......# #....#
#.# #......# ###...#######.#
#......# #...........#.# ########
##.#..#####.#.#


You could see a gnoll and 2 neutral jellies (fellow slime).

Vanquished Creatures
  2 dart slugs
  3 bats (D:1)
  A giant cockroach (D:1)
  A goblin (D:1)
  4 jackals (D:1)
  2 quokkas
  A frilled lizard (D:1)
  A kobold (D:2)
  3 rats
18 creatures vanquished.

Vanquished Creatures (others)
  A dart slug (D:2)
  A hobgoblin (D:2)
  A kobold (D:1)
3 creatures vanquished.

Grand Total: 21 creatures vanquished

Notes
Turn   | Place    | Note
-------+----------+-------------------------------------------
     0 | D:1      | NamelessAdventurer the Hill Orc Necromancer began the quest
                  | for the Orb.
     0 | D:1      | Reached XP level 1. HP: 14/14 MP: 3/3
   297 | D:1      | Found a faded altar of an unknown god.
   306 | D:1      | Reached XP level 2. HP: 20/20 MP: 1/4
   310 | D:1      | Prayed at the altar of an unknown god.
   310 | D:1      | Became a worshipper of Jiyva Jeteoq the Shapeless
   310 | D:1      | Reached * piety under Jiyva
   919 | D:2      | Reached ** piety under Jiyva
   976 | D:2      | Reached XP level 3. HP: 27/27 MP: 5/5
   991 | D:1      | Slain by a gnoll

Illustrated notes

Levels and vault maps discovered:
D:1:      elethiomel_arrival_quiet, layout_basic,
          hellmonk_ecumenical_altar_run_dry
D:2:      layout_rooms

Action                     || total
---------------------------++-------
  Melee: Dagger            ||    12
         Unarmed           ||     1
   Cast: Necrotise         ||    19
    Use: Scroll            ||     2
   Stab: Sleeping          ||     1
 Armour: Robe              ||    13
  Dodge: Dodged            ||    17
